 Dungeon Crawl Stone Soup version 0.30-a0-862-g1aabd4f9c5 (webtiles) character file.

Game seed: 5593726650402323023

1731 cforsyth the Thaumaturge (level 8, -1/41 HPs)
             Began as a Deep Elf Earth Elementalist on Mar 8, 2023.
             Was a Follower of Vehumet.
             Slain by an ice beast (13 damage)
             ... on level 7 of the Dungeon.
             The game lasted 00:09:42 (6191 turns).

cforsyth the Thaumaturge (DEEE)                     Turns: 6191, Time: 00:09:42

Health: -1/41      AC:  6    Str: 11    XL:     8   Next: 76%
Magic:  18/24      EV: 12    Int: 27    God:    Vehumet [*.....]
Gold:   373        SH:  0    Dex: 15    Spells: 27/28 levels left

rFire   . . .      SeeInvis .    (no weapon)
rCold   . . .      Faith    .    (no shield)
rNeg    + . .      Spirit   .    a - +0 robe
rPois   .          Reflect  .    v - +0 helmet
rElec   .          Rampage  .    (no cloak)
rCorr   .                        l - +2 pair of gloves of Entitlement {rN+ Int+4}
Will    .....                    (no boots)
Stlth   ++                       (no amulet)
HPRegen 0.26/turn                m - +6 ring of strength
MPRegen 0.19/turn                (no ring)

@: no status effects
A: no striking features
a: Renounce Religion


You were on level 7 of the Dungeon.
You worshipped Vehumet.
Vehumet was aware of your devotion.
You visited 2 branches of the dungeon, and saw 8 of its levels.

You collected 373 gold pieces.

Inventory:

Missiles
 t - 2 throwing nets
Armour
 a - a +0 robe (worn)
 e - a +0 pair of gloves
 l - the +2 pair of gloves of Entitlement (worn) {rN+ Int+4}
   (You found it on level 2 of the Dungeon)

   Int:       It affects your intelligence (+4).
   rN:        It protects you from negative energy.
 v - a +0 helmet (worn)
Jewellery
 m - a +6 ring of strength (left hand)
 o - a ring of fire
 u - a ring of fire
 C - an amulet of regeneration
Wands
 y - a wand of paralysis (6)
Scrolls
 c - 4 scrolls of teleportation {unknown}
 d - a scroll of amnesia {unknown}
 f - 2 scrolls of magic mapping {unknown}
 g - a scroll of enchant weapon {unknown}
 h - a scroll of noise {unknown}
 n - 5 scrolls of identify {unknown}
 q - 4 scrolls of fear {unknown}
 B - 3 scrolls of vulnerability {unknown}
Potions
 b - 3 potions of magic
 i - 2 potions of curing
 j - a potion of flight {unknown}
 k - 3 potions of lignification
 p - 2 potions of attraction
 r - a potion of heal wounds {unknown}
 s - a potion of berserk rage {unknown}
 w - a potion of invisibility {unknown}
 x - 2 potions of mutation {unknown}
 z - a potion of haste {unknown}
 A - a potion of ambrosia
 D - a potion of degeneration {unknown}


   Skills:
 - Level 2.4 Dodging
 - Level 2.4 Stealth
 + Level 10.8 Spellcasting
 - Level 1.1 Transmutations
 + Level 9.4 Earth Magic


You had 27 spell levels left.
You knew the following spells:

 Your Spells              Type           Power      Damage    Failure   Level
a - Sandblast             Erth           100%       2d20      1%          1

Your spell library contained the following spells:

 Spells                   Type           Power      Damage    Failure   Level
 Freeze                   Ice            56%        1d7       4%          1
 Passwall                 Tmut/Erth      35%        N/A       1%          2
 Stone Arrow              Conj/Erth      78%        3d11      1%          3
 Wereblood                Tmut           20%        N/A       3%          2
 Petrify                  Tmut/Erth      42%        N/A       4%          4
 Ensorcelled Hibernation  Hex/Ice        28%        N/A       6%          2
 Sublimation of Blood     Necr           14%        N/A       6%          2
 Swiftness                Air            14%        N/A       12%         3
 Summon Hydra             Summ           7%         N/A       100%        7


Dungeon Overview and Level Annotations

Branches:
Dungeon (7/15)             Temple (1/1) D:6

Altars:
Cheibriados
Dithmenos
Fedhas
Hepliaklqana
Kikubaaqudgha
Nemelex Xobeh
Okawaru
Qazlal
Ru
Trog
Uskayaw
Vehumet
Xom
Yredelemnul
Zin

Shops:
D:4 !([[   D:5 :

Annotations:
D:7 2 transporters


Message History

Something hits you. Something shocks you.
An ice beast comes into view.
Something hits you but does no damage.
The blast of sand hits the sky beast!!
You kill the sky beast!
Vehumet accepts your kill. Something hits you. Something shocks you.
The blast of sand hits the black bear!!
You kill the black bear!
Vehumet accepts your kill.
A sky beast appears from thin air!
Reactivating autopickup.
The sky beast hits you. The sky beast shocks you. The sky beast hits you.
The sky beast shocks you.
* * * LOW HITPOINT WARNING * * *
You are too injured to fight recklessly!
You are too injured to fight recklessly!
Unknown command.
Casting: Sandblast (safe; 1% risk of failure)
Confirm with . or Enter, or press ? or * to list all spells.
Aiming: Sandblast (safe; 1% risk of failure)
Press: ? - help, Shift-Dir - straight line, f - sky beast
Aim: a sky beast (rain, water, 80% to hit)
The blast of sand hits the sky beast!
The sky beast is heavily wounded.
The sky beast flickers out of sight!
Deactivating autopickup; reactivate with Ctrl-A.
Something hits you but does no damage.
Unknown command.
Casting: Sandblast (safe; 1% risk of failure)
Confirm with . or Enter, or press ? or * to list all spells.
Aiming: Sandblast (safe; 1% risk of failure)
Press: ? - help, Shift-Dir - straight line, f - ice beast
Aim: an ice beast (85% to hit)
The blast of sand hits the ice beast!!
The ice beast is almost dead.
Something hits you but does no damage. The ice beast hits you.
* * * LOW HITPOINT WARNING * * *
The ice beast freezes you!
You die...

.........###...##......
...............##....#.
............##..#...##.
####........###....###.
##.......##....###..
##.......###...#...#
#....#######...#....
#.###......###......
#.#@..####...###.#.#
#.Y{### ###.. #..†.##
##. #.≈).# ## #...~# #
#~... # #.~~ # #...


You could see an ice beast.

Vanquished Creatures
  2 ice beasts
  A sky beast (D:7)
  2 black bears
  3 phantoms
  2 kobold brigands
  2 bullfrogs (D:6)
  2 gnoll sergeants
  2 scorpions
  A vampire bat (D:7)
  3 hounds
  A jelly (D:5)
  2 sleepcaps
  3 iguanas (D:5)
  8 gnolls
  3 adders
  A shadow imp (D:5)
  3 white imps
  An ufetubus (D:6)
  2 worms (D:2)
  5 dart slugs
  8 orcs
  5 ball pythons
  3 bat skeletons (D:7)
  2 bat zombies (D:7)
  6 endoplasms
  5 goblins
  4 hobgoblins
  2 jackals (D:4)
  16 kobolds
  3 quokkas
  3 bats
  9 frilled lizards
  6 rats
121 creatures vanquished.

Vanquished Creatures (others)
  3 plants (D:2)
3 creatures vanquished.

Grand Total: 124 creatures vanquished

Notes
Turn   | Place    | Note
-------+----------+-------------------------------------------
     0 | D:1      | cforsyth the Deep Elf Earth Elementalist began the quest
                  | for the Orb.
     0 | D:1      | Reached XP level 1. HP: 10/10 MP: 6/6
   291 | D:1      | Reached XP level 2. HP: 15/15 MP: 5/8
   833 | D:1      | Reached skill level 4 in Spellcasting
  1111 | D:2      | Reached XP level 3. HP: 19/19 MP: 7/10
  1297 | D:2      | Identified the +2 pair of gloves of Entitlement {rN+ Int+4}
  1883 | D:3      | Found a sparkling altar of Nemelex Xobeh.
  2047 | D:3      | Found a bloodstained altar of Trog.
  2676 | D:4      | Reached XP level 4. HP: 24/24 MP: 8/12
  2754 | D:4      | Found a snail-covered altar of Cheibriados.
  2864 | D:4      | Found Ususk's Weapon Shoppe.
  2866 | D:4      | Found Useum's Armour Shoppe.
  2869 | D:4      | Found Xippa's Distillery.
  2873 | D:4      | Found Tyoshre's Antique Armour Shoppe.
  2957 | D:4      | Noticed a phantom
  2962 | D:4      | Killed a phantom
  2963 | D:4      | Reached skill level 5 in Spellcasting
  2963 | D:4      | Reached skill level 5 in Earth Magic
  2963 | D:4      | Reached XP level 5. HP: 27/28 MP: 9/15
  3331 | D:5      | Entered Level 5 of the Dungeon
  3331 | D:5      | Found Jaocvaeh's Book Emporium.
  3359 | D:5      | Noticed a black bear
  3362 | D:5      | Killed a black bear
  3363 | D:5      | Reached skill level 6 in Spellcasting
  3364 | D:5      | Reached XP level 6. HP: 32/32 MP: 12/17
  3440 | D:5      | Reached skill level 7 in Spellcasting
  3498 | D:5      | Found a blossoming altar of Fedhas.
  3501 | D:5      | Found an iron altar of Okawaru.
  3729 | D:5      | Reached XP level 7. HP: 36/36 MP: 18/20
  3792 | D:5      | Reached skill level 8 in Spellcasting
  4072 | D:5      | Found a shimmering altar of Xom.
  4223 | D:6      | Found a staircase to the Ecumenical Temple.
  4266 | Temple   | Entered the Ecumenical Temple
  4294 | Temple   | Became a worshipper of Vehumet
  4461 | D:6      | Reached skill level 9 in Spellcasting
  4461 | D:6      | Reached XP level 8. HP: 12/41 MP: 18/23
  4657 | D:6      | Found a sacrificial altar of Ru.
  5728 | D:7      | Found a transporter.
  5728 | D:7      | Found a transporter.
  5732 | D:7      | Noticed a queen bee
  5754 | D:7      | Reached skill level 10 in Spellcasting
  6114 | D:7      | Found an ancient bone altar of Kikubaaqudgha.
  6118 | D:7      | Reached * piety under Vehumet
  6118 | D:7      | Offered knowledge of Freeze by Vehumet.
  6191 | D:7      | Slain by an ice beast

Illustrated notes

Levels and vault maps discovered:
D:1:      wheals_arrival_linesprint, layout_basic, minmay_pentomino_x2
D:2:      layout_loops_cross, minivault_4, guppyfry_early_lair_pool
D:3:      layout_loops_ring, marbit_many_paths, mainiacjoe_overflow_catwalk
D:4:      layout_basic, cheibriados_altar_1, minmay_shop_grid_forest
D:5:      layout_loops_cross, grunt_temple_overflow_open, serial_shops,
          nicolae_stop_n_shop_2, hangedman_decor_lopped, kennysheep_small_circle
D:6:      layout_basic, nicolae_ru_the_path_less_chosen, temple_doors_ab
D:7:      layout_cave_pools, kennysheep_vampire_church, gammafunk_ghost_hive,
          nzn_random_ring, uniq_menkaure
Temple:   hellmonk_temple_of_storms

Skill      XL: |  1  2  3  4  5  6  7  8 |
---------------+-------------------------+-----
Spellcasting   | 4 5 6 7 9 10 | 10.8
Earth Magic    | 4 5 6 7 9 |  9.4
Dodging        | |  2.4
Stealth        | |  2.4
Transmutations | |  1.1

Action                     |  1- 3 |  4- 6 |  7- 9 || total
---------------------------+-------+-------+-------++-------
  Melee: Unarmed           |     1 |       |       ||     1
   Cast: Sandblast         |    62 |    39 |    83 ||   184
    Use: Potion            |       |       |     3 ||     3
 Armour: Robe              |     1 |     4 |    10 ||    15
         Skin              |       |       |    10 ||    10
  Dodge: Dodged            |     3 |     7 |    19 ||    29

Table legend: (Time is in decaauts)
 A = Elapsed time spent in this place.
 B = Non-inter-level travel time spent in this place.
 C = Inter-level travel time spent in this place.
 D = Time resting spent in this place.
 E = Time spent auto-exploring this place.
 F = Levels seen in this place.
 G = Mean time per level.
                   A        B        C        D        E       F      G
               +--------+--------+--------+--------+--------+-----+--------+
         Total |   6282 |   6065 |    217 |      4 |   5442 |   8 |  785.2 |
       Dungeon |   6233 |   6037 |    196 |      4 |   5426 |   7 |  890.4 |
        Temple |     48 |     28 |     20 |      0 |     16 |   1 |   48.0 |
               +--------+--------+--------+--------+--------+-----+--------+

Top non-repeatable levels by time:
     D:6: 1498 daAuts
     D:1: 1076 daAuts
     D:5: 885 daAuts
     D:2: 793 daAuts
     D:3: 776 daAuts
     D:4: 724 daAuts
     D:7: 479 daAuts
  Temple: 48 daAuts
